 Seeded DCSS version 0.30-a0-187-gd9c2deaf24 (webtiles) character file.

Game seed: 9095365819192982192 (custom seed)

99 Nerdsrcool the Shield-Bearer (level 4, -2/44 HPs)
             Began as a Troll Fighter on Oct 3, 2022.
             Was a Believer of Fedhas.
             Slain by a gnoll
             ... wielding a +0 halberd
              (8 damage)
             ... on level 3 of the Dungeon.
             The game lasted 00:11:34 (1616 turns).

Nerdsrcool the Shield-Bearer (Troll Fighter)        Turns: 1616, Time: 00:11:37

Health: -2/44      AC:  4    Str: 24    XL:     4   Next: 45%
Magic:  3/3        EV: 10    Int:  4    God:    Fedhas [**....]
Gold:   99         SH: 10    Dex: 23    Spells: 3/3 levels left

rFire   . . .      SeeInvis .    k - +0 war axe
rCold   . . .      Faith    .    b - +0 kite shield
rNeg    . . .      Spirit   .    a - +0 robe
rPois   .          Reflect  .    (helmet restricted)
rElec   .          Harm     .    (no cloak)
rCorr   .          Rampage  .    (gloves unavailable)
Will    .....                    (boots unavailable)
Stlth   ++........               (no amulet)
HPRegen 1.07/turn                f - +6 ring of dexterity
MPRegen 0.08/turn                l - +6 ring of dexterity

@: no status effects
A: large, unfitting armour, claws 3, regeneration 1, shaggy fur 1, tough skin 1
a: Renounce Religion, Wall of Briars


You were on level 3 of the Dungeon.
You worshipped Fedhas.
Fedhas was pleased with you.
You visited 1 branch of the dungeon, and saw 3 of its levels.

You collected 99 gold pieces.

Inventory:

Hand Weapons
 e - a +1 dagger
 k - a +0 war axe (weapon)
Missiles
 d - 17 stones (quivered)
Armour
 a - a +0 robe (worn)
 b - a +0 kite shield (worn)
 i - a +0 leather armour
Jewellery
 f - a +6 ring of dexterity (left claw)
 l - a +6 ring of dexterity (right claw)
Scrolls
 g - a scroll of magic mapping {unknown}
 m - a scroll of identify
Potions
 c - a potion of might
 h - a potion of haste
 j - a potion of attraction {unknown}
 n - a potion of ambrosia {unknown}


   Skills:
 + Level 2.8 Fighting
 + Level 0.1 Axes
 + Level 0.5 Throwing
 + Level 2.9 Dodging
 + Level 0.5 Stealth
 + Level 3.1 Shields
 + Level 2.9 Unarmed Combat


You had 3 spell levels left.
You didn't know any spells.
Your spell library contained the following spells:

 Spells                   Type           Power      Damage    Failure   Level
 Sting                    Tmut/Pois      0%         1d3       80%         1
 Poisonous Vapours        Pois/Air       0%         N/A       90%         2
 Dazzling Flash           Conj/Hex       0%         N/A       99%         3
 Olgreb's Toxic Radiance  Pois           0%         N/A       100%        4
 Agony                    Necr           0%         N/A       100%        5
 Silence                  Hex/Air        0%         N/A       100%        5


Dungeon Overview and Level Annotations

Branches:
Dungeon (3/15)

Altars:
Fedhas
Qazlal


Innate Abilities, Weirdness & Mutations

You are too large for most types of armour.
You have claws for hands.
Your natural rate of healing is unusually fast.
You are covered in fur. (AC +1)
You have tough skin. (AC +1)


Message History

You block the gnoll's attack. The gnoll barely misses you.
You block the gnoll's attack. The gnoll closely misses you.
You slash the gnoll!
The gnoll is almost dead.
You block the gnoll's attack. The gnoll misses you.
The gnoll hits you from afar with a +0 halberd.
The gnoll hits you with a +2 spear of venom!
You are poisoned.
You slash the gnoll!
You kill the gnoll!
Fedhas appreciates your contribution to the ecosystem.
You feel very sick.
The gnoll hits you from afar with a +0 halberd.
You feel sick. You block the gnoll's attack.
You are too injured to fight recklessly!
You are too injured to fight recklessly!
You are too injured to fight recklessly!
You hit the gnoll.
The gnoll is lightly wounded.
You feel sick. The gnoll completely misses you.
The gnoll hits you with a +0 halberd!
You slash the gnoll!
The gnoll is severely wounded.
You feel sick. You block the gnoll's attack.
A rat comes into view.
You closely miss the gnoll.
The gnoll is severely wounded.
You feel sick. The gnoll closely misses you. The gnoll barely misses you.
You closely miss the gnoll.
The gnoll is severely wounded.
You feel sick. The gnoll hits you with a +0 halberd!
* * * LOW HITPOINT WARNING * * *
You block the gnoll's attack.
You closely miss the gnoll.
The gnoll is severely wounded.
You feel sick.
You are no longer poisoned.
The gnoll hits you with a +0 halberd!
You die...
Fedhas appreciates your contribution to the ecosystem.

.# #####.###
......r.##
#......... +.
#.........
#..#
#.........
#...##)†.....#
#gg@>......#
#####'######
#...###
###...##
###..# ##.##
#..# ##.##
#..####


You could see 2 gnolls and a rat (wandering).

Vanquished Creatures
  Natasha (D:2)
  A gnoll (D:3)
  3 adders (D:2)
  A worm (D:2)
  A dart slug (D:1)
  2 bats
  2 endoplasms (D:2)
  A giant cockroach (D:3)
  4 hobgoblins
  3 kobolds
  4 quokkas
  4 ball pythons
  2 frilled lizards
  3 goblins
  3 rats
35 creatures vanquished.

Notes
Turn   | Place    | Note
-------+----------+-------------------------------------------
     0 | D:1      | Nerdsrcool the Troll Fighter began the quest for the Orb.
     0 | D:1      | Reached XP level 1. HP: 22/22 MP: 0/0
   305 | D:1      | Found a faded altar of an unknown god.
   309 | D:1      | Prayed at the altar of an unknown god.
   309 | D:1      | Became a worshipper of Fedhas Madash
   309 | D:1      | Reached * piety under Fedhas
   377 | D:1      | Reached XP level 2. HP: 29/29 MP: 1/1
   981 | D:2      | Found a stormy altar of Qazlal.
  1090 | D:2      | Reached XP level 3. HP: 36/36 MP: 2/2
  1141 | D:2      | Reached skill level 3 in Shields
  1174 | D:2      | Noticed Natasha
  1179 | D:2      | Killed Natasha
  1341 | D:2      | Reached XP level 4. HP: 44/44 MP: 3/3
  1608 | D:3      | Reached ** piety under Fedhas
  1616 | D:3      | Slain by a gnoll

Illustrated notes

Levels and vault maps discovered:
D:1:      tarquinn_simple_flora_water_e, layout_basic, basic_ecumenical_altar,
          minmay_tree_intersection, skrybe_limestone_x
D:2:      layout_loops_ring, basic_altar, uniq_natasha
D:3:      layout_basic, nicolae_shop_vocational

Skill      XL: |  1  2  3 |
---------------+----------+-----
Shields        | 3 |  3.1
Fighting       | |  2.8
Axes           | |  0.1
Throwing       | |  0.5
Dodging        | |  2.9
Stealth        | |  0.5
Unarmed Combat | |  2.9

Action                   |  1- 3 |  4- 6 || total
-------------------------+-------+-------++-------
Melee: Unarmed           |    58 |    10 ||    68
       War axe           |       |    13 ||    13
Throw: Stone             |     5 |       ||     5
  Use: Scroll            |     3 |       ||     3
 Stab: Sleeping          |     3 |       ||     3
Armor: Robe              |    10 |     5 ||    15
Dodge: Dodged            |    12 |    19 ||    31
Block: Kite shield       |    20 |    15 ||    35

Table legend: (Time is in decaauts)
 A = Elapsed time spent in this place.
 B = Non-inter-level travel time spent in this place.
 C = Inter-level travel time spent in this place.
 D = Time resting spent in this place.
 E = Time spent auto-exploring this place.
 F = Levels seen in this place.
 G = Mean time per level.
                   A        B        C        D        E       F      G
               +--------+--------+--------+--------+--------+-----+--------+
         Total |   1628 |   1573 |     55 |      0 |   1199 |   3 |  542.7 |
       Dungeon |   1628 |   1573 |     55 |      0 |   1199 |   3 |  542.7 |
               +--------+--------+--------+--------+--------+-----+--------+

Top non-repeatable levels by time:
     D:1: 885 daAuts
     D:2: 633 daAuts
     D:3: 109 daAuts
